AoeStats
← 这波我很强

Nomad

507245693Analyzed
3v3 RM · 13d ago on Sep 17, 2026· 43m 20s· 6 players
Game mode
Random Map
Map size
210×210
Population
200
Speed
Normal
Resources
Standard
Victory
Conquest
Starting age
Dark Age
Ending age
Imperial Age
RankedLock teamsTeams togetherTeam positionsShared explorationLock speedFull tech treeHidden civsTurbo modeCheats
Victory
Defeat
🇨🇳 Spanish · China
1267
+13
🇨🇳 Malay · China
1235
+14
🇹🇼 Georgians · Taiwan
1108
+21
🇩🇪 Cumans · Germany
1244
-18
🇪🇸 Huns · Spain
1179
-15
🇪🇸 Tatars · Spain
1175
-15
El Boss
4:32 Loom
17:49 Feudal Age
18:19 Double-Bit Axe
18:27 Gold Mining
18:33 Fishing Lines
24:00 Castle Age
22:04 Fletching
22:24 Forging
22:20 Scale Barding Armor
22:47 Stone Mining
23:42 Bloodlines
24:43 Husbandry
25:05 Chain Barding Armor
25:21 Iron Casting
24:59 Bow Saw
25:31 Gillnets
27:59 Gold Shaft Mining
28:07 Marauders
29:20 Wheelbarrow
28:31 Town Watch
33:03 Hand Cart
32:50 Town Patrol
32:38 Horse Collar
33:49 Heavy Plow
38:12 Imperial Age
36:41 Murder Holes
36:56 Masonry
40:25 Two-Man Saw
benelix
4:07 Loom
15:42 Feudal Age
15:48 Man-at-Arms
17:29 Double-Bit Axe
18:11 Bloodlines
19:33 Arson
23:10 Castle Age
22:36 Gold Mining
22:37 Stone Mining
23:16 Scale Barding Armor
27:27 Padded Archer Armor
28:51 Squires
28:48 Fletching
30:21 Light Cavalry
30:56 Fishing Lines
31:21 Town Watch
33:04 Gold Shaft Mining
34:53 Horse Collar
36:42 Chain Barding Armor
37:02 Heavy Plow
38:02 Wheelbarrow
38:08 Steppe Husbandry
39:25 Bow Saw
40:41 Hand Cart
40:20 Gillnets
45:37 Imperial Age
Barbas_97
4:01 Loom
14:43 Feudal Age
18:40 Castle Age
16:30 Double-Bit Axe
19:41 Bow Saw
19:58 Horse Collar
21:18 Scale Barding Armor
21:23 Forging
23:38 Bloodlines
24:55 Town Watch
25:30 Husbandry
28:24 Wheelbarrow
30:35 Fletching
32:17 Chain Barding Armor
31:53 Bodkin Arrow
34:04 Heavy Plow
37:13 Stone Mining
37:14 Gold Mining
39:57 Imperial Age
40:32 Iron Casting
40:09 Heavy Camel Rider
41:14 Conscription
41:34 Plate Barding Armor
42:13 Blast Furnace
43:22 Gold Shaft Mining
这波我很强
13:41 Feudal Age
14:05 Double-Bit Axe
15:37 Fishing Lines
22:21 Castle Age
21:41 Fletching
22:58 Bow Saw
23:35 Gillnets
23:20 Crossbowman
24:23 Bodkin Arrow
28:22 Loom
34:08 Padded Archer Armor
43:55 Wheelbarrow
軍 團 兵 2 號
4:02 Loom
13:58 Feudal Age
15:04 Double-Bit Axe
19:21 Scale Barding Armor
19:27 Forging
22:08 Castle Age
23:48 Light Cavalry
24:39 Bloodlines
24:31 Husbandry
24:59 Gold Mining
25:07 Stone Mining
25:30 Bow Saw
26:13 Horse Collar
27:14 Heavy Plow
32:34 Gold Mining
33:44 Chain Barding Armor
35:18 Iron Casting
W_x
6:22 Loom
13:52 Feudal Age
14:43 Town Watch
17:24 Castle Age
16:37 Double-Bit Axe
16:34 Horse Collar
19:02 Bow Saw
20:08 Wheelbarrow
20:50 Heavy Plow
24:51 Hand Cart
25:10 Gold Mining
25:12 Stone Mining
27:46 Stone Shaft Mining
31:25 Imperial Age
29:19 Husbandry
29:29 Bloodlines
31:00 Scale Barding Armor
31:06 Forging
31:28 Cavalier
32:32 Chain Barding Armor
32:48 Iron Casting
33:25 Conscription
33:11 Paladin
34:51 Plate Barding Armor
35:17 Blast Furnace
35:30 Two-Man Saw
36:06 Light Cavalry
38:26 Coinage
39:25 Stone Shaft Mining
41:24 Banking
41:10 Guilds
Connection lost

Rejoining the realm…

Still unreachable

The connection could not be restored.

Session expired

The server has moved on; the page needs a fresh start.